 Seeded DCSS version 0.29.1-13-g9f3cf754e1 (webtiles) character file.

Game seed: 16245865983455551772 (custom seed)

4 OTABOTABOTAB the Insei (level 1, 13/13 HPs)
             Began as an Octopode Transmuter on Jan 24, 2023.
             Quit the game on level 1 of the Dungeon.
             The game lasted 00:01:20 (453 turns).

OTABOTABOTAB the Insei (Octopode Transmuter)         Turns: 453, Time: 00:01:21

Health: 13/13      AC:  1    Str:  9    XL:     1   Next: 60%
Magic:  3/3        EV: 13    Int: 15    God:
Gold:   554        SH:  0    Dex: 12    Spells: 3/4 levels left

rFire   . . .      SeeInvis .   a - +0 sling
rCold   . . .      Faith    .   (no shield)
rNeg    . . .      Spirit   .   (helmet restricted)
rPois   .          Reflect  .   (no amulet)
rElec   .          Harm     .   (no ring)
rCorr   .          Rampage  .   (no ring)
Will    .....                   (no ring)
Stlth   ++........              (no ring)
HPRegen 0.04/turn               (no ring)
MPRegen 0.08/turn               (no ring)
                                (no ring)
                                (no ring)

@: no status effects
A: almost no armour, amphibious, 8 rings, camouflage 1, gelatinous body 1,
(nimble swimmer 1), tentacles
a: no special abilities


You were on level 1 of the Dungeon.
You visited 1 branch of the dungeon, and saw 1 of its levels.

You collected 554 gold pieces.

Inventory:

Hand Weapons
 a - a +0 sling (weapon)
   (You found it on level 1 of the Dungeon)
Jewellery
 c - the ring "Oduinuuw" {rPois Str+6 Dex+6}
   (You acquired it on level 1 of the Dungeon)

   [ring of dexterity]

   Str:       It affects your strength (+6).
   Dex:       It affects your dexterity (+6).
   rPois:     It protects you from poison.
Scrolls
 b - a scroll of acquirement
Potions
 P - a potion of lignification {!q}


   Skills:
 + Level 1.1 Fighting
 + Level 2.0 Dodging
 + Level 3.0 Unarmed Combat
 + Level 2.0 Spellcasting
 + Level 2.0 Transmutations


You had 3 spell levels left.
You knew the following spells:

 Your Spells              Type           Power      Damage    Failure   Level
a - Beastly Appendage     Tmut           14%        N/A       10%         1

Your spell library contained the following spells:

 Spells                   Type           Power      Damage    Failure   Level
 Wereblood                Tmut           7%         N/A       14%         2
 Spider Form              Tmut/Pois      4%         N/A       41%         3
 Ice Form                 Ice/Tmut       4%         N/A       82%         4


Dungeon Overview and Level Annotations

Branches:
Dungeon (1/15)

Altars:


Innate Abilities, Weirdness & Mutations

You cannot wear most types of armour.
You are amphibious.
You can wear up to eight rings at the same time.
Your skin changes colour to match your surroundings (Stealth+).
Your rubbery body absorbs attacks. (AC +1, EV +1)
((You are camouflaged when in or above water. (Stealth+)))
You have tentacles for arms and can constrict up to eight enemies at once.


Message History

Bad channel name for runrest: 'Jiyva says: Divide and consume' Welcome, OTABOTABOTAB the Octopode Transmuter.
Game seed: 16245865983455551772 (custom seed)
Found a sling.
Found a staircase leading out of the dungeon.
Found an escape hatch in the floor.
You see here a +0 sling.
a - a +0 sling
a - a +0 sling (weapon)
Found an escape hatch in the floor.
You see here a +0 dagger.
A goblin comes into view. It is wielding a +0 dagger.
You shoot a sling bullet. The sling bullet hits the goblin.
The goblin shouts!
A quokka comes into view.
You shoot a sling bullet.
The sling bullet closely misses the goblin.
No target in view!
No target in view!
No target in view!
The goblin barely misses you.
You shoot a sling bullet.
The sling bullet closely misses the goblin.
The goblin hits you with a +0 dagger.
You take 4 damage, and have 9/13 hp.
MASSIVE DAMAGE!!
You miscast Beastly Appendage.
You are very lightly contaminated with residual magic.
Nothing appears to happen.
The quokka bites you but does no damage.
The goblin closely misses you. The quokka barely misses you.
You now have 2/3 mp.
Okay, then.
Really quaff
P - a potion of lignification {!q}?
Okay, then.
One of your tentacles grows a vicious spike.
The goblin closely misses you. The quokka barely misses you.
You now have 1/3 mp.
Really attack while wielding your +0 sling? [Y]es or [N]o only, please.
Really attack while wielding your +0 sling?
Okay, then.
Unknown command.
You are now empty-tentacled.
The goblin hits you with a +0 dagger.
You take 1 damage, and have 8/13 hp.
You tentacle-slap the goblin but do no damage.
Your grab misses the goblin. The quokka bites you.
You take 1 damage, and have 7/13 hp.
You tentacle-slap the goblin.
You kill the goblin!
The quokka bites you.
You take 2 damage, and have 5/13 hp.
You tentacle-slap the quokka but do no damage.
Your grab misses the quokka.
You pierce the quokka.
The quokka bites you.
* * * LOW HITPOINT WARNING * * *
The quokka closely misses you.
You take 4 damage, and have 1/13 hp.
MASSIVE DAMAGE!!
You tentacle-slap the quokka.
You kill the quokka!
You don't know that spell.
You start resting.
Your magical contamination has completely faded away.
You start resting.
Your transformation is almost over.
Your tentacle spike disappears.
Health restored: 13; MP restored: 3 You start waiting.
Done waiting.
a - a +0 sling (weapon)
An endoplasm comes into view.
You shoot a sling bullet. The sling bullet hits the endoplasm.
You shoot a sling bullet. The sling bullet hits the endoplasm.
You shoot a sling bullet. The sling bullet hits the endoplasm.
You kill the endoplasm!
No target in view!
No target in view!
b - 3 scrolls labelled WAC GOIFOFITOUPLEC This is a scroll of acquirement!
Something appears before you!
You now have 554 gold pieces.
Something appears before you!
c - the ring "Oduinuuw" {rPois Str+6 Dex+6} Unknown command.
Unknown command.

# .# #.#
######..###
#.@........
.......#..#.....
#.##...#..# ...
#...###.## #
#... #..# ...#
#..##.##.## ....
#..#...#..#
....#
#.##...##.##
....#
#.....#..#.....#


There were no monsters in sight!

Vanquished Creatures
  An endoplasm (D:1)
  A goblin (D:1)
  A quokka (D:1)
3 creatures vanquished.

Notes
Turn   | Place    | Note
-------+----------+-------------------------------------------
     0 | D:1      | OTABOTABOTAB the Octopode Transmuter began the quest for
                  | the Orb.
     0 | D:1      | Reached XP level 1. HP: 13/13 MP: 3/3
    46 | D:1      | HP: 1/13 [quokka (4)]
   449 | D:1      | Identified 3 scrolls of acquirement
   449 | D:1      | Acquired 554 gold pieces
   451 | D:1      | Acquired the ring "Oduinuuw" {rPois Str+6 Dex+6}
   453 | D:1      | Quit the game

Illustrated notes

Levels and vault maps discovered:
D:1:      minmay_arrival_hallway, layout_loops_corners, basic_ecumenical_altar,
          minmay_unequal

Action                   || total
-------------------------++-------
Melee: Unarmed           ||     4
       Kick              ||     1
 Fire: Sling             ||     6
 Cast: Beastly Appendage ||     1
  Use: Scroll            ||     2
Armor: Skin              ||     1
Dodge: Dodged            ||     6

Table legend: (Time is in decaauts)
 A = Elapsed time spent in this place.
 B = Non-inter-level travel time spent in this place.
 C = Inter-level travel time spent in this place.
 D = Time resting spent in this place.
 E = Time spent auto-exploring this place.
 F = Levels seen in this place.
 G = Mean time per level.
                   A        B        C        D        E       F      G
               +--------+--------+--------+--------+--------+-----+--------+
         Total |    453 |    453 |      0 |    377 |     42 |   1 |  453.0 |
       Dungeon |    453 |    453 |      0 |    377 |     42 |   1 |  453.0 |
               +--------+--------+--------+--------+--------+-----+--------+

Top non-repeatable levels by time:
     D:1: 453 daAuts

Table legend:
 A = Kills in this place as a percentage of kills in entire the game.
 B = Kills by you in this place as a percentage of kills by you in the entire game.
 C = Kills by friends in this place as a percentage of kills by friends in the entire game.
 D = Other kills in this place as a percentage of other kills in the entire game.
 E = Experience gained in this place as a percentage of experience gained in the entire game.
 F = Experience gained in this place divided by the number of levels of this place that you have seen.
                   A       B       C       D       E      F
               +-------+-------+-------+-------+-------+----------------------
         Total | 100.0 | 100.0 |   N/A |   N/A | 100.0 |   6.0
       Dungeon | 100.0 | 100.0 |   N/A |   N/A | 100.0 |   6.0
               +-------+-------+-------+-------+-------+----------------------
